AoeStats
← EN_Tsai

Arabia

509859366Analyzed
1v1 RM · 4d ago on Sep 28, 2026· 39m 49s· 2 players
Game mode
Random Map
Map size
Tiny (2 player)
Population
200
Speed
Normal
Resources
Standard
Victory
Conquest
Starting age
Dark Age
Ending age
Imperial Age
RankedLock teamsTeams togetherTeam positionsShared explorationLock speedFull tech treeHidden civsTurbo modeCheats
Victory
Defeat
🇹🇼 Saxons · Taiwan
1058
+15
🇳🇱 Vietnamese · Netherlands
1031
-15
LongbowGoesBrrr
6:12 Loom
9:06 Feudal Age
9:35 Double-Bit Axe
11:15 Horse Collar
20:11 Castle Age
25:30 Forging
25:21 Scale Mail Armor
28:46 Bow Saw
EN_Tsai
9:48 Feudal Age
8:04 Loom
14:06 Castle Age
12:19 Double-Bit Axe
35:47 Redemption
35:41 Clerical Recruitment
39:57 Devotion
Connection lost

Rejoining the realm…

Still unreachable

The connection could not be restored.

Session expired

The server has moved on; the page needs a fresh start.